| TOP OF THE 1ST |
|
Kelowna Heat batting - Pitching for Oakland Oaks : RHP Jasper Schrijver
|
|
Pitching: RHP Jasper Schrijver
|
|
|
Batting: RHB Mike Storey
|
0-0: Called Strike 0-1: Foul Ball, location: 2F 0-2: Ball 1-2: Foul Ball, location: 2F 1-2: SOLO HOME RUN (Flyball, 78XD, EV 116.2 MPH), Distance : 445 ft
|
|
Batting: SHB Michael Woodard
|
0-0: Foul Ball, location: 2F 0-1: Called Strike 0-2: Strikes out looking
|
|
Batting: LHB Billy Lang
|
0-0: Swinging Strike 0-1: Foul Ball, location: 2F 0-2: Foul Ball, location: 2F 0-2: Ball 1-2: Ball 2-2: Ball 3-2: Foul Ball, location: 2F 3-2: DOUBLE (Line Drive, 78XD, EV 109.4 MPH)
|
|
Batting: LHB Alex Larangho
|
0-0: Ball 1-0: Ball 2-0: Called Strike 2-1: Ball 3-1: Swinging Strike 3-2: Ground out U3 (Groundball, 34S, EV 84.4 MPH) Billy Lang to third
|
|
Batting: RHB Sean Gilbert
|
0-0: TRIPLE (Line Drive, 89XD, EV 105.0 MPH) Billy Lang scores
|
|
Batting: LHB Robert Leary
|
0-0: Called Strike 0-1: Ball 1-1: SINGLE (Line Drive, 8RS, EV 96.9 MPH) Sean Gilbert scores
|
|
Batting: LHB Caleb Hartwell
|
0-0: Swinging Strike 0-1: Foul Ball, location: 2F 0-2: Strikes out looking
|
| Top of the 1st over - 3 runs, 4 hits, 0 errors, 1 left on base; Kelowna 3 - Oakland 0 |
| BOTTOM OF THE 1ST |
|
Oakland Oaks batting - Pitching for Kelowna Heat : RHP Bill Gillberry
|
|
Pitching: RHP Bill Gillberry
|
|
|
Batting: LHB Bill Helmer
|
0-0: Ball 1-0: Foul Ball, location: 2F 1-1: Called Strike 1-2: Ball 2-2: Foul Ball, location: 2F 2-2: Strikes out looking
|
|
Batting: RHB Robby Britton
|
0-0: Foul Ball, location: 2F 0-1: Called Strike 0-2: Ball 1-2: Ball 2-2: Foul Ball, location: 2F 2-2: Strikes out swinging
|
|
Batting: LHB Justin LeFlore
|
0-0: Fly out, F9 (Line Drive, 89M, EV 103.8 MPH)
|
| Bottom of the 1st over - 0 runs, 0 hits, 0 errors, 0 left on base; Kelowna 3 - Oakland 0 |
| TOP OF THE 2ND |
|
Kelowna Heat batting - Pitching for Oakland Oaks : RHP Jasper Schrijver
|
|
Batting: RHB Glen Limeburner
|
0-0: Swinging Strike 0-1: Foul Ball, location: 2F 0-2: Fly out, F7 (Line Drive, 7S, EV 86.9 MPH)
|
|
Batting: RHB Joe Nelson
|
0-0: Called Strike 0-1: Ball 1-1: Ball 2-1: Swinging Strike 2-2: Foul Ball, location: 2F 2-2: Ball 3-2: Strikes out swinging
|
|
Batting: RHB Mike Storey
|
0-0: Ball 1-0: Foul Ball, location: 2F 1-1: Fly out, F9 (Flyball, 9S, EV 81.9 MPH)
|
| Top of the 2nd over - 0 runs, 0 hits, 0 errors, 0 left on base; Kelowna 3 - Oakland 0 |
| BOTTOM OF THE 2ND |
|
Oakland Oaks batting - Pitching for Kelowna Heat : RHP Bill Gillberry
|
|
Batting: SHB Chris King
|
0-0: Called Strike 0-1: Ground out 5-3 (Groundball, 6S, EV 81.9 MPH)
|
|
Batting: RHB Moises Guzman
|
0-0: Called Strike 0-1: Fly out, F9 (Flyball, 89M, EV 88.1 MPH)
|
|
Batting: RHB Mario Medina
|
0-0: Foul Ball, location: 2F 0-1: Foul Ball, location: 2F 0-2: Strikes out swinging
|
| Bottom of the 2nd over - 0 runs, 0 hits, 0 errors, 0 left on base; Kelowna 3 - Oakland 0 |
| TOP OF THE 3RD |
|
Kelowna Heat batting - Pitching for Oakland Oaks : RHP Jasper Schrijver
|
|
Batting: SHB Michael Woodard
|
0-0: Called Strike 0-1: Ball 1-1: Foul Ball, location: 2F 1-2: Strikes out swinging
|
|
Batting: LHB Billy Lang
|
0-0: Ball 1-0: Called Strike 1-1: Called Strike 1-2: Foul Ball, location: 2F 1-2: Foul Ball, location: 2F 1-2: Ball 2-2: Ball 3-2: Ground out 4-3 (Groundball, 4D, EV 96.9 MPH)
|
|
Batting: LHB Alex Larangho
|
0-0: Foul Ball, location: 2F 0-1: Ball 1-1: Ball 2-1: Ball 3-1: Base on Balls
|
|
Batting: RHB Sean Gilbert
|
0-0: Called Strike 0-1: Ball 1-1: Foul Ball, location: 2F 1-2: Foul Ball, location: 2F 1-2: Strikes out looking
|
| Top of the 3rd over - 0 runs, 0 hits, 0 errors, 1 left on base; Kelowna 3 - Oakland 0 |
| BOTTOM OF THE 3RD |
|
Oakland Oaks batting - Pitching for Kelowna Heat : RHP Bill Gillberry
|
|
Batting: RHB Ernie McLean
|
0-0: Called Strike 0-1: Fly out, F8 (Flyball, 8LD, EV 105.6 MPH)
|
|
Batting: RHB Jack Stadner
|
0-0: Called Strike 0-1: Ball 1-1: Ball 2-1: Ground out 1-3 (Groundball, 13S, EV 74.4 MPH)
|
|
Batting: RHB Matt Nehman
|
0-0: Foul Ball, location: 2F 0-1: Swinging Strike 0-2: Ball 1-2: Ball 2-2: SINGLE (Groundball, 56, EV 93.8 MPH)
|
|
Batting: LHB Bill Helmer
|
0-0: Called Strike 0-1: Ball 1-1: Ball 2-1: Foul Ball, location: 2F 2-2: Reached via error on a dropped throw from 1B, E1 (Groundball, 34S, EV 80.0 MPH) Matt Nehman to second
|
|
Batting: RHB Robby Britton
|
0-0: Ball 1-0: Ball 2-0: SINGLE (Groundball, 56D, EV 104.4 MPH) Matt Nehman to third Bill Helmer to second
|
|
Batting: LHB Justin LeFlore
|
0-0: Called Strike 0-1: TRIPLE (Flyball, 89XD, EV 96.2 MPH) Matt Nehman scores Bill Helmer scores Robby Britton scores
|
|
Batting: SHB Chris King
|
0-0: Called Strike 0-1: Ball Passed Ball! Justin LeFlore scores 1-1: Called Strike 1-2: Foul Ball, location: 2F 1-2: SINGLE (Line Drive, 3D, EV 95.6 MPH)
|
|
Batting: RHB Moises Guzman
|
0-0: SINGLE (Line Drive, 8LS, EV 103.8 MPH) Chris King to second
|
|
Batting: RHB Mario Medina
|
0-0: Called Strike 0-1: Ball 1-1: SINGLE (Groundball, 6MD, EV 99.4 MPH) Chris King to third Moises Guzman to second Runner from 3rd tries for Home, SAFE, throw by CF to home
|
|
Batting: RHB Ernie McLean
|
0-0: Ball 1-0: Foul Ball, location: 2F 1-1: Ball 2-1: Fly out, F7 (Flyball, 8LD, EV 106.9 MPH)
|
| Bottom of the 3rd over - 5 runs, 6 hits, 1 error, 2 left on base; Kelowna 3 - Oakland 5 |
| TOP OF THE 4TH |
|
Kelowna Heat batting - Pitching for Oakland Oaks : RHP Jasper Schrijver
|
|
Batting: LHB Robert Leary
|
0-0: Foul Ball, location: 2F 0-1: Ball 1-1: Foul Ball, location: 2F 1-2: Strikes out swinging
|
|
Batting: LHB Caleb Hartwell
|
0-0: Ball 1-0: Ball 2-0: Fly out, F7 (Line Drive, 78D, EV 95.6 MPH)
|
|
Batting: RHB Glen Limeburner
|
0-0: Ball 1-0: Called Strike 1-1: Called Strike 1-2: Ground out 6-3 (Groundball, 6S, EV 66.9 MPH)
|
| Top of the 4th over - 0 runs, 0 hits, 0 errors, 0 left on base; Kelowna 3 - Oakland 5 |
| BOTTOM OF THE 4TH |
|
Oakland Oaks batting - Pitching for Kelowna Heat : RHP Bill Gillberry
|
|
Batting: RHB Jack Stadner
|
0-0: Called Strike 0-1: Swinging Strike 0-2: Strikes out looking
|
|
Batting: RHB Matt Nehman
|
0-0: Foul Ball, location: 2F 0-1: Fly out, F8 (Flyball, 8RD, EV 101.2 MPH)
|
|
Batting: LHB Bill Helmer
|
0-0: Ball 1-0: Called Strike 1-1: Foul Ball, location: 2F 1-2: Ball 2-2: Strikes out swinging
|
| Bottom of the 4th over - 0 runs, 0 hits, 0 errors, 0 left on base; Kelowna 3 - Oakland 5 |
| TOP OF THE 5TH |
|
Kelowna Heat batting - Pitching for Oakland Oaks : RHP Jasper Schrijver
|
|
Pitching: LHP Artemio Millares
|
|
|
Batting: RHB Joe Nelson
|
0-0: Foul Ball, location: 2F 0-1: Swinging Strike 0-2: Ball 1-2: Ball 2-2: Ball 3-2: Base on Balls
|
|
Batting: RHB Mike Storey
|
0-0: Ball 1-0: Foul Ball, location: 2F 1-1: Ball 2-1: Ball 3-1: Foul Ball, location: 2F 3-2: Strikes out swinging
|
|
Batting: SHB Michael Woodard
|
0-0: Fly out, F3 (Popup, 23F, EV 79.4 MPH)
|
|
Batting: LHB Billy Lang
|
0-0: Ball 1-0: Foul Ball, location: 2F 1-1: Foul Ball, location: 2F 1-2: Ball 2-2: Foul Ball, location: 2F 2-2: Ball 3-2: Ground out U3 (Groundball, 3, EV 86.9 MPH)
|
| Top of the 5th over - 0 runs, 0 hits, 0 errors, 1 left on base; Kelowna 3 - Oakland 5 |
| BOTTOM OF THE 5TH |
|
Oakland Oaks batting - Pitching for Kelowna Heat : RHP Bill Gillberry
|
|
Batting: RHB Robby Britton
|
0-0: Ground out U3 (Groundball, 13, EV 85.6 MPH)
|
|
Batting: LHB Justin LeFlore
|
0-0: Called Strike 0-1: Ball 1-1: Called Strike 1-2: Strikes out looking
|
|
Batting: SHB Chris King
|
0-0: Foul Ball, location: 2F 0-1: Ground out 4-3 (Groundball, 4, EV 90.0 MPH)
|
| Bottom of the 5th over - 0 runs, 0 hits, 0 errors, 0 left on base; Kelowna 3 - Oakland 5 |
| TOP OF THE 6TH |
|
Kelowna Heat batting - Pitching for Oakland Oaks : LHP Artemio Millares
|
|
Batting: LHB Alex Larangho
|
0-0: Called Strike 0-1: Swinging Strike 0-2: Strikes out swinging
|
|
Batting: RHB Sean Gilbert
|
0-0: Ball 1-0: Foul Ball, location: 2F 1-1: Swinging Strike 1-2: Foul Ball, location: 2F 1-2: Ball 2-2: Foul Ball, location: 2F 2-2: Ball 3-2: Strikes out swinging
|
|
Batting: LHB Robert Leary
|
0-0: Called Strike 0-1: Called Strike 0-2: Ball 1-2: Foul Ball, location: 2F 1-2: Strikes out swinging
|
| Top of the 6th over - 0 runs, 0 hits, 0 errors, 0 left on base; Kelowna 3 - Oakland 5 |
| BOTTOM OF THE 6TH |
|
Oakland Oaks batting - Pitching for Kelowna Heat : RHP Bill Gillberry
|
|
Batting: RHB Moises Guzman
|
0-0: Ball 1-0: Swinging Strike 1-1: Foul Ball, location: 2F 1-2: Fly out, F9 (Flyball, 89M, EV 89.4 MPH)
|
|
Batting: RHB Mario Medina
|
0-0: Called Strike 0-1: Swinging Strike 0-2: Strikes out swinging
|
|
Batting: RHB Ernie McLean
|
0-0: Ball 1-0: DOUBLE (Flyball, 8RXD, EV 98.1 MPH)
|
|
Batting: RHB Jack Stadner
|
0-0: Intentional Walk
|
|
Batting: RHB Matt Nehman
|
0-0: Called Strike 0-1: Ball 1-1: Ball 2-1: Called Strike 2-2: Foul Ball, location: 2F 2-2: Ball 3-2: Foul Ball, location: 2F 3-2: Strikes out swinging
|
| Bottom of the 6th over - 0 runs, 1 hit, 0 errors, 2 left on base; Kelowna 3 - Oakland 5 |
| TOP OF THE 7TH |
|
Kelowna Heat batting - Pitching for Oakland Oaks : LHP Artemio Millares
|
|
Pitching: LHP Vincent Whittick
|
|
|
Pinch Hitting: LHB Ricardo Torres
|
0-0: Foul Ball, location: 2F 0-1: Ball 1-1: Swinging Strike 1-2: Ball 2-2: Strikes out looking
|
|
Batting: RHB Glen Limeburner
|
0-0: Swinging Strike 0-1: Swinging Strike 0-2: Ball 1-2: Fly out, F9 (Line Drive, 89M, EV 88.8 MPH)
|
|
Batting: RHB Joe Nelson
|
0-0: Swinging Strike 0-1: Swinging Strike 0-2: Ball 1-2: Ball 2-2: Strikes out swinging
|
| Top of the 7th over - 0 runs, 0 hits, 0 errors, 0 left on base; Kelowna 3 - Oakland 5 |
| BOTTOM OF THE 7TH |
|
Oakland Oaks batting - Pitching for Kelowna Heat : RHP Bill Gillberry
|
|
Pitching: RHP Jerry Schlaak
|
|
|
Now in LF: Willy Berrios
|
|
|
Batting: LHB Bill Helmer
|
0-0: Called Strike 0-1: Called Strike 0-2: Strikes out swinging
|
|
Batting: RHB Robby Britton
|
0-0: Swinging Strike 0-1: Ground out 6-3 (Groundball, 6, EV 81.2 MPH)
|
|
Batting: LHB Justin LeFlore
|
0-0: Called Strike 0-1: Ball 1-1: Ball 2-1: Ball 3-1: Ground out 4-3 (Groundball, 4, EV 83.1 MPH)
|
| Bottom of the 7th over - 0 runs, 0 hits, 0 errors, 0 left on base; Kelowna 3 - Oakland 5 |
| TOP OF THE 8TH |
|
Kelowna Heat batting - Pitching for Oakland Oaks : LHP Vincent Whittick
|
|
Batting: RHB Mike Storey
|
0-0: Ball 1-0: Called Strike 1-1: Ball 2-1: Ball 3-1: Base on Balls
|
|
Batting: SHB Michael Woodard
|
0-0: Ball 1-0: Swinging Strike 1-1: Ball 2-1: Swinging Strike 2-2: Strikes out swinging
|
|
Batting: LHB Billy Lang
|
0-0: Ball 1-0: Ball 2-0: Foul Ball, location: 2F 2-1: Swinging Strike 2-2: Fielders Choice at 2nd, 2-4 (Groundball, 2L, EV 66.2 MPH)
|
|
Batting: RHB Jose Sanchez
|
0-0: Called Strike 0-1: Ball 1-1: Foul Ball, location: 2F 1-2: Strikes out looking
|
| Top of the 8th over - 0 runs, 0 hits, 0 errors, 1 left on base; Kelowna 3 - Oakland 5 |
| BOTTOM OF THE 8TH |
|
Oakland Oaks batting - Pitching for Kelowna Heat : RHP Jerry Schlaak
|
|
Batting: SHB Chris King
|
0-0: Ball 1-0: Called Strike 1-1: Ball 2-1: Foul Ball, location: 2F 2-2: Ball 3-2: Fly out, F9 (Flyball, 9LM, EV 98.8 MPH)
|
|
Batting: RHB Moises Guzman
|
0-0: Ball 1-0: Called Strike 1-1: DOUBLE (Flyball, 78XD, EV 108.1 MPH)
|
|
Batting: RHB Mario Medina
|
0-0: Intentional Walk
|
|
Batting: RHB Ernie McLean
|
0-0: Called Strike 0-1: Called Strike 0-2: Foul Ball, location: 2F 0-2: Strikes out swinging
|
|
Pitching: RHP Steven Kennett
|
|
|
Pinch Hitting: RHB Pat Betancourt
|
0-0: Ball 1-0: Ball 2-0: Foul Ball, location: 2F 2-1: Foul Ball, location: 2F 2-2: Ball 3-2: Fly out, F7 (Line Drive, 78D, EV 85.0 MPH)
|
| Bottom of the 8th over - 0 runs, 1 hit, 0 errors, 2 left on base; Kelowna 3 - Oakland 5 |
| TOP OF THE 9TH |
|
Kelowna Heat batting - Pitching for Oakland Oaks : LHP Vincent Whittick
|
|
Pitching: RHP Brenden Niziolek
|
|
|
Now at 2B: Robby Britton
|
|
|
Now at SS: Alex Vidal
|
|
|
Batting: RHB Sean Gilbert
|
0-0: Ball 1-0: Called Strike 1-1: Foul Ball, location: 2F 1-2: Ball 2-2: Ball 3-2: Base on Balls
|
|
Batting: LHB Robert Leary
|
0-0: Swinging Strike 0-1: Ball 1-1: Ball 2-1: Foul Ball, location: 2F 2-2: Ball 3-2: Foul Ball, location: 2F 3-2: Strikes out swinging Sean Gilbert is caught stealing 2nd base 2-6 Batter strikes out.
|
|
Batting: LHB Willy Berrios
|
0-0: Swinging Strike 0-1: Ball 1-1: Fly out, F7 (Flyball, 7, EV 80.6 MPH)
|
| Top of the 9th over - 0 runs, 0 hits, 0 errors, 0 left on base; Kelowna 3 - Oakland 5 |
|